Map: Arctic Dream LE

Players

Massa

  • Race: Terran Terran
  • League: Platinum
  • Spawn Location: 6:00

qqq

  • Race: Protoss Protoss
  • Spawn Location: 5:00

Purce - Winner!

  • Race: Terran Terran
  • League: Master
  • Spawn Location: 12:00

Biscibasci - Winner!

  • Race: Zerg Zerg
  • League: Diamond
  • Spawn Location: 11:00

VOD

Have the link to the VOD?

Description

Time

  • Played on: Nov. 7, 2020, 3:37 p.m.
  • Length: 20:10
Show
View Real Time Build Order
Export as new Build Order

Massa Terran 

Build Orders: Reaper Expand 

Get SALT Encoding   

  12  0:00  SCV  
  13  0:12  SCV  
  14  0:17  Supply Depot  
  14  0:25  SCV  
  15  0:39  SCV  
  15  0:40  Barracks  
  16  0:49  Refinery  
  16  0:51  SCV  
  17  1:03  SCV  
  18  1:15  SCV  
  19  1:28  Supply Depot  
  19  1:29  Orbital Command  
  19  1:34  Reaper  
  20  1:49  Command Center  
  20  1:58  SCV  
  21  2:06  Marine  
  22  2:15  Factory  
  22  2:23  SCV  
  22  2:29  Barracks  
  23  2:35  SCV  
  24  3:11  SCV  
  26  3:14  Orbital Command  
  25  3:23  SCV  
  25  3:35  SCV  
  25  3:36  Refinery  
  25  3:37  Factory Tech Lab  
  25  3:38  Barracks Tech Lab  
  25  3:39  Factory  
  26  3:44  Barracks Reactor  
  26  3:46  SCV  
  26  3:47  SCV  
  28  3:51  Command Center  
  28  3:56  Refinery  
  28  3:58  SCV  
  28  3:59  SCV  
  30  4:03  Engineering Bay  
  30  4:04  Marauder  
  32  4:10  SCV  
  32  4:11  SCV, Siege Tank  
  37  4:22  SCV  
  37  4:23  SCV  
  39  4:24  Marine x2  
  39  4:26  Marauder  
  39  4:27  Factory Reactor  
  43  4:34  Missile Turret  
  43  4:37  Missile Turret  
  43  4:42  Marine x2  
  43  4:45  Stimpack  
  45  4:53  Supply Depot  
  45  4:56  SCV, Supply Depot  
  45  4:58  Supply Depot  
  46  5:02  SCV, Marauder, Marine x2  
  46  5:04  Orbital Command  
  51  5:08  SCV  
  52  5:14  SCV  
  52  5:17  Barracks  
  52  5:19  Supply Depot  
  52  5:20  Supply Depot  
  53  5:22  Missile Turret  
  53  5:24  Sensor Tower  
  53  5:27  Starport  
  53  5:33  Marauder  
  53  5:34  Marine  
  56  5:38  SCV  
  56  5:39  SCV  
  56  5:41  SCV  
  61  5:50  Widow Mine x2, SCV  
  61  5:51  SCV  
  61  5:55  Marauder  
  67  6:05  Siege Tank  
  67  6:06  Barracks Tech Lab  
  67  6:07  Marine x2  
  74  6:11  Widow Mine  
  74  6:12  Widow Mine  
  74  6:16  Marauder  
  78  6:24  Viking, Combat Shield  
  78  6:25  Marine x2  
  81  6:27  Terran Infantry Weapons Level 1  
  82  6:42  Refinery  
  82  6:45  SCV x2  
  82  6:46  Marauder x2, Marine x2  
  82  6:47  Orbital Command  
  90  6:51  Widow Mine  
  90  6:52  Widow Mine x2  
  96  6:57  SCV x2  
  96  6:58  Starport Reactor  
  98  7:04  Marine  
  98  7:08  Marauder  
  101  7:35  Missile Turret  
  101  7:38  Missile Turret  
  101  7:43  Sensor Tower  
  101  7:54  SCV  
  101  7:59  Missile Turret  
  101  8:10  Starport  
  101  8:16  Supply Depot x2  
  101  8:19  Supply Depot  
  101  8:22  Supply Depot  
  101  8:23  Supply Depot  
  101  8:26  Supply Depot  
  101  8:27  Supply Depot  
  101  8:28  Supply Depot  
  101  8:31  Supply Depot  
  101  8:37  SCV x3, Marine x2, Medivac x2, Siege Tank  
  101  8:38  Marauder x2  
  117  8:43  Barracks  
  117  8:46  Supply Depot  
  117  8:48  Supply Depot  
  117  8:49  SCV x3, Barracks  
  117  8:51  Supply Depot x2  
  117  8:52  Supply Depot  
  117  8:55  Marine  
  121  8:58  Supply Depot  
  121  8:59  Marauder x2  
  121  9:01  SCV x3  
  128  9:07  Medivac x2  
  128  9:08  Starport Tech Lab  
  128  9:09  Siege Tank  
  135  9:16  Marine x2  
  137  9:20  Marauder x2  
  141  9:31  Terran Infantry Armor Level 1  
  141  9:34  Marine x2  
  141  9:36  Armory  
  141  9:37  Medivac x2  
  147  9:40  SCV x3, Engineering Bay  
  147  9:42  Marauder x2  
  147  9:43  Refinery  
  154  9:45  Refinery  
  154  9:47  Command Center  
  154  9:52  SCV x3  
  157  9:54  Missile Turret  
  157  9:57  Missile Turret  
  157  10:03  Marauder x2  
  157  10:04  Missile Turret  
  161  10:08  Barracks Reactor, Barracks Tech Lab  
  161  10:20  Barracks  
  161  10:21  Factory  
  161  10:24  Marauder x2, Missile Turret  
  161  10:27  Raven  
  167  10:29  Medivac x2  
  167  10:33  Marauder, Marine x2  
  175  10:46  Marauder x2  
  175  10:47  Missile Turret  
  179  10:51  Marine x2  
  179  10:54  Marauder  
  183  11:05  Factory Tech Lab  
  183  11:07  Barracks Tech Lab, Marine  
  183  11:08  Missile Turret  
  183  11:10  Medivac x2  
  188  11:12  Marauder, Marine x3  
  188  11:13  Marine  
  188  11:15  Marauder  
  188  11:18  Siege Tank  
  199  11:30  Marine  
  200  12:02  Planetary Fortress  
  165  12:55  Marauder x4  
  165  12:56  Marine x4  
  165  12:58  Siege Tank x2  
  172  13:00  Medivac x3  
  178  13:06  Concussive Shells  
  178  13:13  Marine x2  
  178  13:16  Marauder x2  
  178  13:17  Marauder x2  
  186  13:30  Medivac x3, Siege Tank x2  
  182  13:36  Marine x2  
  182  13:37  Marine x2  
  182  13:38  Marauder x4  
  160  13:54  Marine x2  
  160  13:55  Marine x2  
  159  13:59  Marauder x4  
  159  14:02  Siege Tank  
  161  14:07  Siege Tank  
  161  14:08  Widow Mine x2  
  168  14:12  Marine x3  
  161  14:21  Marauder x4  
  155  14:29  Widow Mine x2  
  145  14:34  Marine x4, Siege Tank  
  152  14:39  SCV x4, Siege Tank  
  152  14:41  Marine x2  
  152  14:42  Marine x2  
  163  14:51  SCV  
  163  14:52  Marine x4  
  165  14:59  Marine x2  
  167  15:00  Marauder x2  
  167  15:06  Siege Tank  
  162  15:09  Marine  
  162  15:10  Marine x3  
  147  15:18  Marauder x2  
  149  15:21  Marauder x2  
  149  15:27  Marine  
  149  15:28  Marine x2  
  150  15:36  Marine  
  150  15:39  Marauder x2  
  157  15:43  Marauder x2  
  157  15:45  Marine  
  157  15:46  Marine x2  
  162  15:53  Marine  
  163  16:00  Marauder x2  
  163  16:03  Marine x3  
  172  16:04  Marauder x2  
  174  16:11  Marine  
  175  16:21  Marine x3  
  175  16:22  Marauder x2  
  175  16:25  Barracks x2, Marauder  
  184  16:26  Marauder  
  184  16:27  SCV x3, Barracks  
  184  16:28  SCV  
  184  16:29  Marine  
  191  16:39  SCV, Marine x2  
  194  16:43  Marauder x2  
  194  16:44  Refinery  
  200  16:47  Marauder  
  199  17:05  Marauder  
  194  17:09  Refinery  
  194  17:11  Marauder x3, Marine  
  194  17:12  Marine x3  
  178  17:15  Barracks  
  170  17:26  Marauder  
  167  17:31  Barracks Reactor, Barracks Tech Lab x2  
  167  17:32  Marauder  
  167  17:33  Marauder x2  
  166  17:47  Marauder  
  168  17:54  Marauder x3  
  162  18:09  Marauder  
  162  18:11  Marauder x2, Marine x7  
  173  18:15  Marauder x3, Medivac x2  
  183  18:28  Marine  
  183  18:29  Marine  
  183  18:30  Marauder  
  183  18:32  Marauder  
  175  18:36  Marauder  
  175  18:37  Marauder x2  
  108  19:23  Command Center  
  89  19:35  Marauder x3  
Show
View Real Time Build Order
Export as new Build Order

qqq Protoss 

Build Orders: 1 Gate Expand, Phoenix Opening, Carriers 

Get SALT Encoding   

  12  0:01  Probe  
  13  0:13  Probe  
  14  0:25  Probe  
  15  0:32  Pylon  
  15  0:50  Probe  
  15  0:56  Gateway  
  16  1:02  Probe  
  17  1:11  Nexus  
  17  1:22  Assimilator  
  17  1:24  Assimilator  
  17  1:25  Probe  
  18  1:37  Probe, Pylon  
  19  1:50  Cybernetics Core  
  19  1:55  Probe (Chrono Boost)  
  20  2:05  Probe (Chrono Boost)  
  21  2:10  Probe (Chrono Boost)  
  22  2:22  Probe  
  23  2:24  Probe  
  23  2:26  Stalker (Chrono Boost)  
  26  2:34  Probe  
  26  2:36  Probe  
  26  3:05  Probe, Stargate  
  27  3:17  Probe  
  28  3:27  Stargate  
  28  3:29  Probe (Chrono Boost), Stalker  
  28  3:31  Pylon  
  31  3:40  Assimilator  
  31  3:41  Probe (Chrono Boost)  
  31  3:43  Probe (Chrono Boost)  
  31  3:44  Assimilator  
  33  3:49  Phoenix (Chrono Boost)  
  33  3:51  Probe (Chrono Boost)  
  33  3:52  Probe (Chrono Boost)  
  37  3:57  Probe x2 (Chrono Boost)  
  39  4:08  Phoenix  
  39  4:09  Probe (Chrono Boost)  
  42  4:10  Probe (Chrono Boost)  
  43  4:22  Probe (Chrono Boost), Phoenix  
  47  4:25  Probe (Chrono Boost)  
  47  4:27  Probe (Chrono Boost)  
  48  4:32  Probe  
  48  4:36  Probe  
  50  4:42  Phoenix  
  50  4:44  Probe  
  53  4:48  Probe  
  54  4:52  Pylon  
  54  4:53  Pylon  
  54  4:55  Pylon  
  54  5:01  Fleet Beacon  
  54  5:10  Probe x2  
  56  5:16  Phoenix  
  58  5:23  Probe  
  58  5:24  Phoenix  
  61  5:43  Forge  
  61  5:51  Carrier  
  61  5:54  Nexus  
  61  5:56  Pylon  
  67  5:59  Pylon  
  67  6:06  Tempest  
  72  6:50  Carrier  
  70  7:16  Robotics Facility  
  70  7:18  Stargate  
  70  7:22  Probe  
  71  7:24  Photon Cannon  
  71  7:27  Photon Cannon  
  71  7:28  Photon Cannon  
  71  7:34  Probe  
  72  7:41  Nexus  
  72  7:44  Pylon  
  72  7:46  Probe (Chrono Boost)  
  72  7:47  Carrier, Pylon  
  72  7:49  Pylon  
  79  7:51  Pylon  
  79  7:56  Assimilator  
  80  7:58  Probe (Chrono Boost), Assimilator, Protoss Air Weapons Level 1 (Chrono Boost)  
  80  8:04  Probe (Chrono Boost)  
  81  8:07  Observer  
  81  8:08  Carrier  
  81  8:12  Probe  
  89  8:24  Probe  
  90  8:38  Photon Cannon  
  90  8:40  Photon Cannon  
  90  8:41  Photon Cannon  
  90  8:44  Photon Cannon  
  90  8:46  Photon Cannon  
  90  8:47  Carrier  
  96  8:54  Probe (Chrono Boost), Photon Cannon  
  97  8:59  Probe (Chrono Boost)  
  100  9:11  Probe (Chrono Boost)  
  100  9:12  Probe (Chrono Boost), Carrier x2  
  100  9:16  Probe (Chrono Boost)  
  112  9:18  Probe (Chrono Boost)  
  112  9:20  Shield Battery, Assimilator  
  112  9:24  Assimilator  
  114  9:26  Probe (Chrono Boost)  
  114  9:29  Shield Battery  
  116  9:32  Probe (Chrono Boost), Mothership (Chrono Boost)  
  125  9:44  Probe (Chrono Boost)  
  126  9:47  Probe (Chrono Boost)  
  126  9:48  Protoss Air Armor Level 1 (Chrono Boost)  
  126  9:51  Probe (Chrono Boost)  
  127  9:54  Probe  
  128  10:00  Nexus  
  128  10:01  Pylon  
  128  10:02  Probe, Pylon  
  128  10:04  Observer  
  128  10:06  Probe  
  131  10:14  Probe  
  131  10:18  Probe  
  133  10:25  Observer  
  133  10:26  Probe (Chrono Boost)  
  133  10:27  Photon Cannon  
  135  10:31  Photon Cannon  
  135  10:32  Carrier  
  135  10:33  Probe (Chrono Boost)  
  142  10:35  Photon Cannon  
  142  10:36  Carrier  
  150  10:44  Probe (Chrono Boost)  
  150  10:46  Tempest  
  150  10:47  Probe (Chrono Boost)  
  155  10:51  Probe (Chrono Boost)  
  155  10:54  Probe  
  157  11:07  Probe  
  158  11:16  Stargate  
  158  11:18  Pylon  
  158  11:20  Pylon  
  158  11:29  Carrier  
  164  11:36  Carrier  
  170  11:40  Tempest  
  164  12:23  Carrier  
  152  12:50  Carrier x2  
  150  13:27  Carrier  
  150  13:30  Probe  
  150  13:31  Probe  
  146  13:43  Probe x2  
  142  13:54  Tempest x2  
  142  13:55  Probe  
  136  13:56  Probe  
  136  13:57  Photon Cannon  
  136  13:59  Photon Cannon, Shield Battery  
  136  14:00  Pylon  
  120  14:07  Probe  
  120  14:08  Probe  
  110  14:14  Stargate  
  105  14:18  Stargate  
  105  14:20  Probe  
  105  14:21  Stargate  
  105  14:23  Photon Cannon  
  100  14:31  Tempest  
  100  14:32  Probe  
  100  14:36  Tempest x2  
  110  14:43  Photon Cannon  
  110  14:44  Probe  
  110  14:45  Photon Cannon  
  111  14:46  Shield Battery  
  111  14:47  Pylon  
  110  14:53  Tempest  
  110  14:56  Probe  
  111  15:06  Void Ray x3  
  105  15:08  Probe  
  105  15:14  Tempest, Void Ray  
  113  15:19  Tempest  
  113  15:20  Probe  
  128  15:30  Void Ray  
  128  15:36  Assimilator  
  128  15:40  Assimilator  
  132  15:43  Void Ray x2  
  132  15:49  Tempest, Nexus  
  145  15:51  Pylon, Void Ray x2, Nexus  
  145  15:52  Pylon  
  145  15:53  Pylon  
  145  15:54  Pylon  
  145  15:55  Pylon  
  149  15:57  Pylon  
  149  15:58  Pylon x2  
  149  15:59  Pylon  
  149  16:03  Void Ray  
  157  16:13  Tempest  
  157  16:15  Photon Cannon  
  157  16:17  Photon Cannon  
  162  16:19  Photon Cannon  
  162  16:20  Void Ray  
  162  16:22  Probe, Photon Cannon  
  162  16:24  Photon Cannon  
  162  16:25  Shield Battery  
  163  16:26  Tempest, Void Ray  
  163  16:27  Photon Cannon  
  163  16:28  Void Ray  
  163  16:30  Photon Cannon x2  
  163  16:32  Photon Cannon  
  176  16:36  Photon Cannon  
  176  16:38  Carrier, Shield Battery  
  186  16:40  Photon Cannon  
  186  16:46  Phoenix  
  188  16:52  Void Ray  
  188  16:58  Void Ray  
  192  17:06  Observer  
  185  17:28  Observer  
  185  17:29  Void Ray x2  
  186  17:35  Tempest  
  199  17:38  Probe  
  200  17:49  Assimilator  
  200  17:53  Assimilator  
  200  17:55  Assimilator  
  200  17:57  Assimilator  
  181  18:17  Void Ray x4  
  113  18:24  Carrier x2  
  112  18:38  Observer  
  112  18:40  Carrier  
  109  19:01  Probe  
  114  19:13  Probe  
  114  19:14  Pylon  
  114  19:15  Photon Cannon  
  114  19:16  Photon Cannon  
  115  19:18  Photon Cannon  
  115  19:20  Shield Battery  
  115  19:22  Photon Cannon  
  115  19:25  Probe, Photon Cannon  
  122  19:37  Probe  
  123  19:49  Probe  
Show
View Real Time Build Order
Export as new Build Order

Purce Terran - Winner!

Build Orders: Liberator Opening, Reaper Expand, Mech 

Get SALT Encoding   

  12  0:00  SCV  
  13  0:12  SCV  
  14  0:18  Supply Depot  
  14  0:24  SCV  
  15  0:40  SCV  
  16  0:45  Barracks  
  16  0:50  Refinery  
  16  0:52  SCV  
  17  1:04  SCV  
  18  1:16  SCV  
  19  1:32  Orbital Command  
  19  1:35  Reaper  
  20  1:45  Command Center  
  20  1:57  Refinery, SCV, Supply Depot  
  21  2:07  Marine  
  22  2:09  SCV  
  23  2:18  Factory  
  23  2:21  SCV  
  24  2:33  SCV  
  25  2:40  Barracks Reactor  
  25  2:46  SCV  
  26  2:58  SCV  
  26  3:04  Starport  
  26  3:10  SCV  
  26  3:11  Command Center  
  26  3:22  SCV  
  26  3:23  Marine  
  27  3:30  Hellion x2  
  31  3:37  Orbital Command  
  33  3:49  Liberator  
  33  3:51  SCV  
  33  3:53  Hellion x2  
  39  3:58  Marine  
  39  4:01  Supply Depot  
  40  4:04  Supply Depot  
  40  4:05  SCV  
  41  4:15  Hellion  
  43  4:23  SCV x2  
  45  4:32  Starport Tech Lab  
  45  4:35  SCV x2  
  45  4:36  Engineering Bay  
  47  4:47  Widow Mine x2, Orbital Command  
  47  4:52  SCV x2  
  53  5:00  Viking  
  53  5:04  SCV x2  
  57  5:08  Missile Turret  
  57  5:10  Missile Turret  
  57  5:12  Missile Turret  
  57  5:16  SCV x2  
  57  5:17  Widow Mine x2  
  57  5:21  SCV  
  64  5:28  SCV  
  64  5:29  SCV, Missile Turret  
  66  5:38  Starport Reactor  
  66  5:41  Factory  
  66  5:47  Widow Mine  
  66  5:48  Widow Mine  
  72  5:50  SCV x2  
  72  5:58  SCV  
  72  5:59  Refinery  
  72  6:00  Refinery  
  73  6:09  Widow Mine x2  
  77  6:11  Supply Depot x2  
  77  6:13  Supply Depot  
  77  6:32  Viking x2  
  77  6:33  Widow Mine x2  
  77  6:37  Armory  
  77  6:38  Cyclone, Mag-Field Accelerator  
  88  6:40  SCV  
  88  6:41  SCV x2  
  87  6:53  SCV x2  
  83  6:54  Widow Mine x2  
  88  7:08  SCV x2  
  88  7:09  Viking x2  
  88  7:13  Siege Tank  
  96  7:22  Orbital Command  
  96  7:27  SCV x2  
  95  7:33  Widow Mine x2  
  99  7:43  Factory  
  99  7:44  Factory  
  99  7:50  Terran Vehicle Weapons Level 1  
  97  7:55  Thor  
  101  8:07  Refinery  
  101  8:11  Refinery  
  101  8:16  Armory  
  101  8:24  SCV  
  96  8:35  Factory Reactor x2  
  96  8:37  Widow Mine x2  
  97  8:52  Supply Depot x2  
  97  8:53  Supply Depot x2  
  97  8:54  Supply Depot  
  97  8:58  Widow Mine  
  97  8:59  Widow Mine  
  97  9:02  Missile Turret  
  101  9:04  Missile Turret  
  101  9:13  Thor  
  101  9:14  SCV x3, Supply Depot x2  
  101  9:16  Supply Depot  
  110  9:18  Command Center  
  110  9:19  Command Center  
  110  9:20  Widow Mine  
  112  9:26  SCV  
  112  9:27  Widow Mine x2, Factory Tech Lab  
  117  9:36  Viking x2  
  121  9:39  Terran Vehicle And Ship Armor Level 1  
  121  9:42  SCV x2  
  123  9:47  SCV  
  123  9:48  Widow Mine x2  
  123  9:52  Thor  
  134  9:56  Widow Mine x2, Thor  
  134  9:57  SCV x2  
  134  9:59  SCV  
  147  10:02  Command Center  
  147  10:06  Viking  
  149  10:09  SCV, Hellion x2  
  149  10:10  SCV  
  149  10:11  SCV  
  156  10:15  Terran Vehicle Weapons Level 2  
  156  10:17  Widow Mine x2  
  160  10:21  SCV  
  160  10:22  SCV  
  160  10:23  SCV  
  163  10:37  Orbital Command x2  
  163  10:38  Widow Mine, Sensor Tower  
  163  10:41  Thor x2  
  179  10:43  Widow Mine x2  
  181  11:01  Liberator  
  181  11:02  Liberator  
  189  11:04  Widow Mine x2  
  191  11:17  Missile Turret  
  191  11:23  Thor  
  191  11:24  Widow Mine  
  199  11:28  Refinery  
  199  11:31  Refinery  
  199  11:32  Planetary Fortress  
  199  11:36  SCV  
  199  11:37  Missile Turret  
  200  11:59  Missile Turret  
  198  12:06  Drilling Claws  
  196  12:10  Widow Mine  
  198  12:19  Missile Turret  
  185  12:39  Thor x2  
  175  12:46  Widow Mine x3, Hellion  
  163  12:57  Viking x2  
  151  13:07  Widow Mine  
  151  13:08  Widow Mine x3  
  145  13:22  Thor x2  
  140  13:28  Hellion  
  140  13:29  Widow Mine  
  144  13:35  Factory  
  144  13:39  Widow Mine x2  
  130  13:50  Widow Mine x2  
  134  13:56  Terran Vehicle And Ship Armor Level 2  
  134  13:58  Terran Vehicle Weapons Level 3  
  134  14:00  Widow Mine, Command Center  
  134  14:01  Hellbat  
  138  14:05  Thor x2  
  150  14:11  Hellbat  
  152  14:18  Fusion Core  
  152  14:22  Starport, Starport Tech Lab  
  152  14:23  Starport  
  152  14:40  Factory Tech Lab  
  150  14:48  Thor  
  156  14:55  SCV x5  
  157  15:04  Starport Tech Lab  
  157  15:06  Starport Tech Lab  
  151  15:07  Refinery  
  151  15:11  Refinery  
  151  15:12  Weapon Refit  
  137  15:19  Planetary Fortress  
  125  15:22  Missile Turret  
  117  15:30  Hellion  
  117  15:32  Battlecruiser x3  
  117  15:34  Hellion x3  
  117  15:35  Hellion x3  
  149  15:43  Missile Turret  
  149  15:49  Neosteel Armor  
  149  15:52  Hellion  
  149  15:56  Hellion x5  
  163  15:57  Widow Mine  
  163  16:04  Missile Turret  
  163  16:13  Widow Mine, Terran Ship Weapons Level 1  
  163  16:17  Widow Mine x4  
  173  16:22  Widow Mine  
  173  16:23  Widow Mine  
  177  16:26  Missile Turret  
  177  16:34  Widow Mine  
  177  16:36  Battlecruiser x2  
  177  16:38  Widow Mine  
  177  16:39  Widow Mine x2  
  197  16:42  Siege Tank  
  189  17:06  Widow Mine  
  189  17:07  Widow Mine  
  183  17:29  Hi-Sec Auto Tracking  
  165  17:32  Battlecruiser  
  165  17:33  Widow Mine, Hellion x2  
  165  17:34  Widow Mine x4  
  185  17:40  Battlecruiser  
  173  17:54  Widow Mine  
  173  17:55  Widow Mine x5  
  173  18:17  Battlecruiser  
  173  18:18  Widow Mine x5  
  173  18:19  Widow Mine x2  
  187  18:36  Battlecruiser  
  187  18:39  Widow Mine x2  
  187  18:40  Widow Mine  
  197  18:55  Command Center  
  173  19:03  Battlecruiser  
  173  19:05  Widow Mine  
  173  19:06  Widow Mine x6  
  189  19:27  Widow Mine x5  
  199  19:47  Refinery  
  199  19:48  Refinery  
Show
View Real Time Build Order
Export as new Build Order

Biscibasci Zerg - Winner!

Build Orders: Hatch First 

Get SALT Encoding   

  12  0:00  Drone  
  13  0:13  Overlord  
  13  0:17  Drone  
  14  0:32  Drone x2  
  16  0:51  Hatchery  
  16  0:52  Drone  
  16  0:59  Drone x2  
  18  1:13  Extractor  
  18  1:16  Spawning Pool  
  18  1:18  Drone  
  17  1:23  Drone  
  18  1:30  Drone  
  19  1:42  Overlord  
  19  2:04  Zergling x2  
  19  2:05  Drone, Zergling x2  
  19  2:08  Queen x2  
  26  2:14  Metabolic Boost  
  26  2:19  Drone  
  26  2:21  Drone  
  28  2:28  Drone  
  28  2:29  Drone  
  30  2:38  Drone  
  30  2:39  Drone  
  32  2:45  Overlord  
  32  2:50  Overlord  
  32  2:57  Overlord  
  32  2:59  Overlord  
  32  3:11  Drone x2  
  34  3:14  Hatchery  
  34  3:19  Drone x2  
  35  3:20  Drone x2  
  37  3:28  Spore Crawler  
  37  3:37  Roach Warren, Spore Crawler  
  37  3:38  Drone x5  
  37  3:39  Drone  
  41  3:49  Overlord  
  41  3:52  Hatchery  
  40  3:57  Drone x2  
  40  4:02  Extractor  
  41  4:06  Evolution Chamber  
  41  4:07  Evolution Chamber  
  41  4:08  Drone x2  
  41  4:09  Drone x2, Extractor  
  42  4:18  Lair  
  42  4:28  Drone x4  
  46  4:46  Drone x8  
  54  4:55  Drone x2  
  56  5:00  Drone  
  57  5:10  Overlord  
  57  5:14  Glial Reconstitution  
  57  5:16  Hatchery  
  57  5:19  Zerg Missile Weapons Level 1  
  56  5:23  Drone  
  56  5:24  Drone x8  
  56  5:28  Extractor, Queen  
  64  5:30  Extractor  
  64  5:35  Drone x2  
  67  5:39  Zerg Ground Armor Level 1  
  67  5:46  Zergling x2  
  67  5:47  Drone x2, Hydralisk Den  
  67  5:48  Drone x4  
  73  5:58  Drone  
  73  5:59  Drone x5  
  79  6:10  Roach  
  81  6:12  Overlord  
  81  6:13  Overlord x4  
  81  6:20  Infestation Pit  
  81  6:22  Muscular Augments  
  81  6:24  Lurker Den  
  77  6:28  Hydralisk x2  
  76  6:34  Spore Crawler  
  73  6:40  Spore Crawler, Overlord  
  73  6:41  Hydralisk x3  
  73  6:43  Hydralisk, Spore Crawler  
  73  6:46  Queen  
  73  6:47  Queen x3  
  79  6:52  Hydralisk x2  
  91  6:54  Zergling x6  
  91  6:55  Zergling x4  
  94  7:03  Hydralisk  
  94  7:07  Hydralisk x2  
  100  7:11  Drone x4  
  100  7:13  Spore Crawler  
  102  7:17  Spore Crawler  
  99  7:26  Extractor  
  98  7:30  Drone x5  
  98  7:31  Drone x4  
  98  7:33  Overseer  
  98  7:35  Zerg Missile Weapons Level 2  
  107  7:39  Drone x3  
  110  7:45  Drone x2  
  110  7:46  Extractor x2, Overlord  
  110  7:47  Overlord  
  110  7:49  Grooved Spines  
  110  7:53  Zerg Ground Armor Level 2  
  110  8:00  Drone x2  
  112  8:14  Hydralisk  
  112  8:15  Hydralisk x5  
  124  8:34  Hydralisk  
  124  8:35  Hydralisk  
  124  8:36  Overlord  
  124  8:37  Overlord x13  
  128  8:51  Spire, Hive  
  127  8:56  Overseer x2  
  127  8:57  Hydralisk, Overseer x2  
  127  8:58  Hydralisk x2  
  133  9:05  Hydralisk x3  
  139  9:14  Drone x2  
  139  9:15  Drone  
  143  9:17  Drone  
  143  9:20  Hatchery  
  142  9:36  Hydralisk  
  142  9:37  Hydralisk x6  
  142  9:38  Hydralisk x2  
  160  9:54  Spire  
  160  9:59  Spore Crawler x2  
  157  10:03  Corruptor  
  157  10:04  Corruptor x4  
  167  10:10  Drone x5  
  167  10:11  Drone  
  167  10:12  Drone  
  174  10:27  Drone x2  
  174  10:28  Drone, Hydralisk x2  
  177  10:29  Hydralisk x3  
  187  10:43  Corruptor x3  
  187  10:44  Corruptor  
  187  10:49  Zerg Flyer Armor Level 1  
  195  10:53  Zerg Missile Weapons Level 3  
  195  10:56  Zerg Ground Armor Level 3  
  190  11:03  Extractor  
  190  11:04  Extractor  
  188  11:08  Spore Crawler  
  188  11:09  Queen  
  189  11:16  Overlord, Zerg Flyer Weapons Level 1  
  189  11:17  Overlord x6  
  189  11:30  Corruptor x3  
  189  11:31  Corruptor  
  197  11:34  Corruptor  
  199  12:07  Corruptor  
  199  12:12  Corruptor x2  
  199  12:14  Corruptor x2  
  199  12:15  Corruptor  
  199  12:16  Corruptor  
  199  12:17  Corruptor  
  199  12:18  Corruptor  
  199  12:19  Corruptor  
  199  12:23  Corruptor  
  199  12:25  Hydralisk x3  
  199  12:26  Hydralisk x5  
  199  12:27  Hydralisk  
  175  12:32  Corruptor  
  175  12:44  Spore Crawler x2  
  175  12:46  Corruptor x3  
  175  12:47  Corruptor  
  181  12:53  Zerg Flyer Armor Level 2  
  181  13:08  Hydralisk x4  
  181  13:09  Hydralisk x4  
  197  13:27  Zergling x14  
  174  13:42  Zergling x8  
  174  13:43  Zergling x40  
  174  13:44  Zergling x2  
  174  13:45  Zergling x2  
  188  13:56  Hydralisk  
  188  13:57  Hydralisk x4  
  172  14:18  Hydralisk  
  172  14:19  Hydralisk x9  
  172  14:20  Hydralisk  
  172  14:22  Zergling x2  
  158  14:39  Greater Spire  
  158  14:41  Hydralisk  
  158  14:43  Zergling x2  
  158  14:44  Zergling x30  
  141  15:14  Hydralisk  
  141  15:15  Hydralisk x13  
  156  15:22  Adrenal Glands  
  151  15:35  Corruptor x3  
  147  15:36  Corruptor x2  
  153  15:47  Hydralisk x5  
  163  16:09  Zergling x2  
  164  16:12  Brood Lord x3  
  164  16:13  Brood Lord x4  
  164  16:17  Brood Lord  
  180  16:18  Zergling x2  
  180  16:22  Overseer x3  
  181  16:26  Zerg Flyer Weapons Level 2  
  181  16:33  Zerg Flyer Armor Level 3  
  181  16:42  Zergling x26  
  181  16:43  Zergling x12  
  200  16:49  Overlord  
  196  17:13  Corruptor x2  
  196  17:14  Corruptor x3  
  178  17:19  Zergling x2  
  178  17:20  Zergling x38  
  178  17:21  Zergling x6  
  199  17:57  Hatchery  
  199  17:58  Zergling x2  
  180  18:06  Corruptor  
  180  18:07  Corruptor x6  
  180  18:08  Corruptor x6  
  180  18:09  Corruptor x2  
  180  18:10  Corruptor x2  
  196  18:14  Corruptor x2  
  197  18:21  Corruptor  
  185  18:43  Zergling x2  
  185  18:44  Zergling x28  
  198  18:50  Brood Lord  
  198  18:51  Brood Lord x2  
  196  19:02  Brood Lord  
  191  19:03  Brood Lord  
  191  19:05  Brood Lord  
  164  19:24  Drone x8  
  166  20:03  Hatchery  
Tags
 
Add a new tag
Caveats
  • Supply blocks, unpowered buildings, or Contaminate may cause inaccurate times.
  • Supply counts are checked every 10 seconds.